 Dungeon Crawl Stone Soup version 0.17-a0-146-gd505748 (webtiles) character file.

30 Pikaro the Gusty (level 3, -1/19 HPs)
             Began as a Tengu Air Elementalist on Mar 25, 2015.
             Slain by an adder (2 damage)
             ... on level 2 of the Dungeon.
             The game lasted 00:02:24 (1215 turns).

Pikaro the Gusty (Tengu Air Elementalist)           Turns: 1215, Time: 00:02:24

Health: -1/19      AC:  2    Str:  8    XL:     3   Next: 20%
Magic:  1/7        EV: 12    Int: 16    God:
Gold:   21         SH:  0    Dex: 14    Spells: 3 memorised, 1 level left

rFire  . . .     SeeInvis .     g - +4 short sword
rCold  . . .     Clarity  .     a - +0 robe
rNeg   . . .     SustAb   .     (no shield)
rPois  .         Gourm    .     (helmet restricted)
rElec  .         Spirit   .     (no cloak)
rCorr  .         Warding  .     (no gloves)
rMut   .         Stasis   .     (boots unavailable)
MR     .....                    (no amulet)
Stlth  ++........               (no ring)
                                (no ring)

@: lethally poisoned (-1 -> -11), not resistant to hostile enchantments,
unstealthy
A: beak, talons 3
a: no special abilities


You were on level 2 of the Dungeon.
You were near starving.

You visited 1 branch of the dungeon, and saw 2 of its levels.

You collected 21 gold pieces.

Inventory:

Hand weapons
 g - a +4 short sword (weapon)
   (You found it on level 1 of the Dungeon)
Armour
 a - a +0 robe (worn)
Scrolls
 d - a scroll of blinking {unknown}
 f - a scroll of teleportation {unknown}
Potions
 h - a potion of cure mutation {unknown}
 i - a potion of haste {unknown}
Books
 b - a book of Air
Comestibles
 c - a bread ration


   Skills:
 - Level 2.1 Dodging
 - Level 2.0 Stealth
 - Level 2.0 Spellcasting
 - Level 1.3 Conjurations
 + Level 5.6 Air Magic


You had one spell level left.
You knew the following spells:

 Your Spells              Type           Power        Failure   Level  Hunger
a - Shock                 Conj/Air       ##..         6%          1    #......
r - Repel Missiles        Chrm/Air       ##....       12%         2    ###....
A - Swiftness             Chrm/Air       ##......     12%         2    ###....


Dungeon Overview and Level Annotations

Branches:
Dungeon (2/15)

Altars:

Annotations:
D:2 Robin


Innate Abilities, Weirdness & Mutations

You have a beak for a mouth.
You have claws for feet.


Message History

You start resting.
MP restored: 7; Total turns waited: 9 Done exploring.
Read which item? (? for menu, Esc to quit)
Okay, then.
(D) Dungeon
Where to? (? - help)
You see here a whip.
You see here 10 stones.
There is a stone staircase leading down here.
You climb downwards. 12 goblins, a kobold and Robin come into view.
The goblin shouts!
The kobold shouts!
The goblin shouts!
The goblin shouts!
The goblin shouts! x5
You hear a shout!
There is a stone staircase leading up here.
The goblin hits you with a club.
You climb upwards.
There is a stone staircase leading down here.
You take 3 damage, and have 16/19 hp.
Aim: a goblin, wielding a club The zap hits the goblin.
You kill the goblin!
You now have 6/7 mp. a club; a hunting sling; 27 stones You start resting.
Health restored: 19; MP restored: 7; Total turns waited: 46
There is a stone staircase leading down here.
Memorise Repel Missiles, consuming 2 spell levels and leaving 3?
You start memorising the spell.
You continue memorising.
You continue memorising.
You finish memorising.
Spell assigned to 'r'.
Memorise Swiftness, consuming 2 spell levels and leaving 1?
You start memorising the spell.
You continue memorising.
You continue memorising.
You finish memorising.
Spell assigned to 'A'.
Okay, then. a club; a hunting sling; 27 stones
There is a stone staircase leading down here.
You climb downwards.
Level annotation: Robin An adder and a goblin come into view.
There is a stone staircase leading up here.
Aim: a goblin, wearing a leather armour (hasn't noticed you)
The zap hits the goblin.
The goblin shouts!
The zap hits the adder.
You now have 6/7 mp.
Aim: a goblin, wearing a leather armour (severely wounded)
The zap hits the goblin.
You kill the goblin!
The zap misses the adder.
You now have 5/7 mp.
Aim: an adder (lightly wounded)
The zap misses the adder.
The adder bites you.
You take 3 damage, and have 16/19 hp.
You now have 4/7 mp.
Aim: an adder (lightly wounded)
The zap misses the adder.
The adder barely misses you. The adder closely misses you.
You now have 3/7 mp.
Aim: an adder (lightly wounded)
You miscast Shock.
You are very lightly contaminated with residual magic.
Your skin glows momentarily.
You are near starving!
The adder barely misses you.
You now have 2/7 mp.
Aim: an adder (lightly wounded)
The zap misses the adder.
The adder closely misses you.
You now have 1/7 mp.
You are too depleted to cast spells recklessly!
Aim: an adder (lightly wounded)
The zap misses the adder.
The adder bites you.
You take 1 damage, and have 15/19 hp.
You now have 0/7 mp.
You closely miss the adder. Your peck misses the adder.
The adder barely misses you. The adder bites you.
You are poisoned.
The adder poisons you!
You take 2 damage, and have 13/19 hp.
You hit the adder.
You feel sick. The adder bites you.
You take 4 damage, and have 9/19 hp.
MASSIVE DAMAGE!!
HP below 50%!
Drink which item? (? for menu, Esc to quit)
Okay, then.
You barely miss the adder. The adder bites you.
* * * LOW HITPOINT WARNING * * *
You are more poisoned.
The adder poisons you! The adder bites you.
* * * LOW HITPOINT WARNING * * *
You take 7 damage, and have 2/19 hp.
MASSIVE DAMAGE!!
HP below 25%!
Drink which item? (? for menu, Esc to quit)
It was a potion of cancellation.
Your magical contamination has completely faded away.
You feel magically purged.
* * * LOW HITPOINT WARNING * * *
You feel sick. The adder bites you.
You die... #######.# #@S.....# #######.#

You could see an adder.

Vanquished Creatures
  A gnoll (D:1)
  2 giant geckos (D:1)
  2 bats (D:1)
  A hobgoblin (D:1)
  A ball python (D:1)
  A giant newt (D:1)
  4 goblins
  6 kobolds (D:1)
  4 rats (D:1)
22 creatures vanquished.

Notes
Turn   | Place    | Note
--------------------------------------------------------------
     0 | D:1      | Pikaro, the Tengu Air Elementalist, began the quest for the Orb.
     0 | D:1      | Reached XP level 1. HP: 10/10 MP: 3/3
   147 | D:1      | Reached XP level 2. HP: 7/15 MP: 0/5
   558 | D:1      | Reached skill level 5 in Air Magic
   665 | D:1      | Reached XP level 3. HP: 12/19 MP: 1/7
  1113 | D:2      | Noticed Robin
  1168 | D:1      | Learned a level 2 spell: Repel Missiles
  1171 | D:1      | Learned a level 2 spell: Swiftness
  1214 | D:2      | HP: 4/19 [adder (5)]
  1215 | D:2      | HP: 1/19 [poisoned by an adder]
  1215 | D:2      | Slain by an adder

Action                   || total
-------------------------++-------
Melee: Unarmed           ||     3
       Short sword       ||     9
 Cast: Shock             ||    40
  Use: Potion            ||     1

Vault maps used:
D:1:      saegor_arrival_simple_f, minmay_fountain_box
D:2:      uniq_iyjb, uniq_robin

Table legend:
 A = Turns spent in this place as a percentage of turns spent in the entire game.
 B = Non-inter-level travel turns spent in this place as a percentage of non-inter-level travel turns spent in the entire game.
 C = Inter-level travel turns spent in this place as a percentage of turns spent in this place.
 D = Turns resting spent in this place as a percentage of non-inter-level travel turns spent in this place.
 E = Turns spent auto-exploring this place as a percentage of non-inter-level travel turns spent in this place.
 F = Non-inter-level travel turns spent in this place divided by the number of levels of this place that you've seen.
                   A       B       C       D       E      F
               +-------+-------+-------+-------+-------+----------------------
         Total | 100.0 | 100.0 |   1.0 |  19.8 |  12.2 |  98.5
       Dungeon | 100.0 | 100.0 |   1.0 |  19.8 |  12.2 |  98.5
               +-------+-------+-------+-------+-------+----------------------

Table legend:
 A = Kills in this place as a percentage of kills in entire the game.
 B = Kills by you in this place as a percentage of kills by you in the entire game.
 C = Kills by friends in this place as a percentage of kills by friends in the entire game.
 D = Other kills in this place as a percentage of other kills in the entire game.
 E = Experience gained in this place as a percentage of experience gained in the entire game.
 F = Experience gained in this place divided by the number of levels of this place that you have seen.
                   A       B       C       D       E      F
               +-------+-------+-------+-------+-------+----------------------
         Total | 100.0 | 100.0 |  -nan |  -nan | 100.0 |  22.0
       Dungeon | 100.0 | 100.0 |  -nan |  -nan | 100.0 |  22.0
               +-------+-------+-------+-------+-------+----------------------
